 Dungeon Crawl Stone Soup version 0.27.1-15-g792fb953b9 (webtiles) character file.

Game seed: 6975601287208121797

588 bellerephron the Slasher (level 7, -4/53 HPs)
             Began as a Demonspawn Fighter on Nov 20, 2021.
             Was a Priest of Lugonu.
             Shot with an arrow by a centaur (8 damage)
             ... on level 5 of the Dungeon.
             The game lasted 00:11:53 (5296 turns).

bellerephron the Slasher (Demonspawn Fighter)       Turns: 5296, Time: 00:11:54

Health: -4/53      AC: 10    Str: 18 (19) XL:     7   Next: 15%
Magic:  9/9        EV:  5    Int:  9      God:    Lugonu [***...]
Gold:   1447       SH:  9    Dex: 12      Spells: 6/6 levels left

rFire    . . .     SeeInvis .   a - +1 scimitar (freeze)
rCold    . . .     Faith    .   c - +0 kite shield
rNeg     . . .     Spirit   .   k - +0 chain mail
rPois    .         Reflect  .   r - +0 helmet
rElec    .         Harm     .   (no cloak)
rCorr    .         Rampage  .   (no gloves)
Will     .....                  (no boots)
Stlth    ..........             (no amulet)
HPRegen  0.17/turn              (no ring)
MPRegen  0.11/turn              (no ring)

@: no status effects
A: ignite blood 1, demonic magic 2
a: Renounce Religion, Depart the Abyss, Bend Space, Banish


You were on level 5 of the Dungeon.
You worshipped Lugonu.
Lugonu was most pleased with you.
You visited 1 branch of the dungeon, and saw 5 of its levels.

You collected 1447 gold pieces.

Inventory:

Hand Weapons
 a - a +1 scimitar of freezing (weapon)
 b - a +0 dagger of venom
 g - a +0 rapier
 h - a +0 short sword of draining
 s - a +3 dagger of pain
 y - a +0 long sword
Missiles
 e - 157 stones
 l - 11 boomerangs
 o - 13 poisoned darts
 q - 2 throwing nets (quivered)
 B - a curare-tipped dart
Armour
 c - a +0 kite shield (worn)
 k - a +0 chain mail (worn)
 r - a +0 helmet (worn)
 v - a +0 plate armour
Jewellery
 j - a ring of fire
Scrolls
 m - a scroll of immolation
 n - 3 scrolls of teleportation
 p - a scroll of fear
Potions
 d - a potion of might
 i - a potion of haste {unknown}
 u - 2 potions of resistance {unknown}
 w - a potion of flight {unknown}


   Skills:
 + Level 3.8 Fighting
 + Level 0.5(2.8) Short Blades
 * Level 4.4(4.5) Long Blades
 + Level 0.2 Throwing
 + Level 3.9 Armour
 - Level 0.5 Dodging
 * Level 4.2 Shields
 * Level 3.0 Invocations


You had 6 spell levels left.
You didn't know any spells.
Your spell library contained the following spells:

 Spells                   Type           Power      Damage    Failure   Level
 Gell's Gravitas          Tloc           0%         N/A       100%        3
 Lesser Beckoning         Tloc           0%         N/A       100%        3
 Teleport Other           Tloc           0%         N/A       100%        3
 Alistair's Intoxication  Tmut/Pois      0%         N/A       100%        5
 Borgnjor's Vile Clutch   Necr/Erth      0%         N/A       100%        5
 Eringya's Noxious Bog    Tmut/Pois      0%         N/A       100%        6


Dungeon Overview and Level Annotations

Branches:
Dungeon (5/15)
 Temple: D:4-7

Altars:
Cheibriados
Dithmenos
The Shining One
Lugonu

Annotations:
D:2 1 runed translucent door, Crazy Yiuf
D:5 Ijyb


Innate Abilities, Weirdness & Mutations

Your demonic aura sometimes causes spilled blood to erupt in flames.
Spells you cast may paralyse nearby enemies.


Message History

Press: ? - help, Q - select action, (/) - cycle Shift-Dir - straight line, f/p - Sigmund
Aim: Sigmund, wielding a +0 scythe and wearing a +0 robe (moderately wounded, very poisoned, slow, 50% to hit)
You throw a throwing net. The throwing net hits Sigmund.
Sigmund is caught in the net!
Sigmund is moderately wounded.
Sigmund struggles against the net.
Unknown command.
Unknown command.
You hit Sigmund. You freeze Sigmund.
Sigmund is heavily wounded.
Sigmund struggles against the net.
You slash Sigmund! You freeze Sigmund.
Sigmund is almost dead.
You kill Sigmund!
Lugonu accepts your kill.
You feel your dexterity returning.
Your Shields skill increases to level 4!
Your Invocations skill increases to level 3!
You have reached level 7!
q - 2 throwing nets (gained 1);
B - a curare-tipped dart
Things that are here:
a +0 scythe; a +0 robe
l - 11 boomerangs (gained 6)
You hear the slow rusting of a drain nearby.
A centaur and Ijyb come into view.
Ijyb is wielding a +0 club and carrying a wand of flame (16).
Ijyb shouts!
The centaur shouts!
You hear a shout!
Ijyb zaps a wand.
The puff of flame hits you.
Ijyb zaps a wand.
The puff of flame hits you but does no damage.
A centaur comes into view.
The centaur wields a +0 shortbow.
The centaur shoots an arrow.
The arrow hits you.
The centaur wields a +0 shortbow.
The centaur shoots an arrow.
The arrow hits you!
* * * LOW HITPOINT WARNING * * *
Ijyb zaps a wand.
You block the puff of flame.
The centaur shoots an arrow.
The arrow hits you.
* * * LOW HITPOINT WARNING * * *
The centaur shoots an arrow.
The arrow hits you!
You die...

######## #......# .#
#.####.# .#
..####.##### .#
......#.)..########.#
.#####.###..........#
.# #..........##..#
.# ###........@...#
.# #.######.#...# .#
#.# #.#...#
..######.# #.#.g..c
#........# #.#.##..#
..######## #.#c# ..#
. #.#.# ..# #.#.# .#
#.#. .#


You could see Ijyb and 2 centaurs.

Vanquished Creatures
  Sigmund (D:5)
  A kobold brigand (D:4)
  2 scorpions
  2 orc wizards (D:4)
  Robin (D:4)
  7 adders
  An adder skeleton (D:4)
  A worm (D:3)
  3 dart slugs
  6 orcs
  6 bats
  6 endoplasms
  3 giant cockroaches
  11 hobgoblins
  4 jackals (D:2)
  6 kobolds
  2 quokkas
  7 ball pythons
  5 frilled lizards
  14 goblins
  7 rats
96 creatures vanquished.

Notes
Turn   | Place    | Note
-------+----------+-------------------------------------------
     0 | D:1      | bellerephron the Demonspawn Fighter began the quest for the
                  | Orb.
     0 | D:1      | Reached XP level 1. HP: 18/18 MP: 1/1
   100 | D:1      | Gained mutation: Spells you cast may paralyse adjacent
                  | enemies. [demonic ancestry]
   100 | D:1      | Reached XP level 2. HP: 23/24 MP: 2/2
   211 | D:1      | Found a faded altar of an unknown god.
   222 | D:1      | Became a worshipper of Lugonu the Unformed
   222 | D:1      | Reached * piety under Lugonu
   222 | D:1      | Reached ** piety under Lugonu
   285 | D:1      | You fall into a shaft and drop 1 floor!
   621 | D:2      | Reached XP level 3. HP: 29/29 MP: 3/3
  1599 | D:2      | Found a runed translucent door.
  1600 | D:2      | Noticed Crazy Yiuf
  2184 | D:3      | Found a snail-covered altar of Cheibriados.
  2217 | D:3      | Gained mutation: Your demonic aura sometimes causes spilled
                  | blood to erupt in flames. [demonic ancestry]
  2217 | D:3      | Reached XP level 4. HP: 31/35 MP: 4/4
  2266 | D:3      | Reached skill level 1 in Invocations
  2556 | D:3      | Reached *** piety under Lugonu
  2869 | D:3      | Noticed a scorpion
  2876 | D:3      | Killed a scorpion
  2877 | D:3      | Gained mutation: Spells you cast may paralyse nearby
                  | enemies. [demonic ancestry]
  2877 | D:3      | Reached XP level 5. HP: 20/41 MP: 4/6
  3802 | D:4      | Reached XP level 6. HP: 42/47 MP: 7/7
  3925 | D:4      | Noticed Robin
  3964 | D:4      | Killed Robin
  4353 | D:4      | Found a shadowy altar of Dithmenos.
  5144 | D:5      | Entered Level 5 of the Dungeon
  5165 | D:5      | Identified a scroll of acquirement
  5165 | D:5      | Acquired 1250 gold pieces
  5243 | D:5      | Noticed Sigmund
  5248 | D:5      | Killed Sigmund
  5249 | D:5      | Reached XP level 7. HP: 18/53 MP: 7/9
  5292 | D:5      | Noticed Ijyb
  5296 | D:5      | Shot with an arrow by a centaur

Illustrated notes

Levels and vault maps discovered:
D:1:      dpeg_arrival_ternary, layout_basic, basic_ecumenical_altar
D:2:      layout_loops_ring, uniq_crazy_yiuf_cottage
D:3:      layout_rooms, cheibriados_altar_1
D:4:      layout_gridville, tso_altar, nicolae_dithmenos_through_a_glass_darkly,
          uniq_robin
D:5:      layout_loops_ring, grunt_qazlal_clouds, fedhas_altar_4,
          portal_sewer_entry_d, uniq_sigmund, uniq_pikel, uniq_grinder,
          uniq_ijyb

Skill      XL: |  1  2  3  4  5  6 |
---------------+-------------------+-----
Long Blades    | 2 3 4 |  4.4
Shields        | 3 4 |  4.2
Invocations    | 1 2 3 |  3.0
Armour         | 3 |  3.9
Fighting       | |  3.8
Short Blades   | |  0.5
Throwing       | |  0.2
Dodging        | |  0.5

Action                   |  1- 3 |  4- 6 |  7- 9 || total
-------------------------+-------+-------+-------++-------
Melee: Long sword        |   108 |    49 |       ||   157
       Dagger            |       |    59 |       ||    59
       Scimitar          |       |   107 |       ||   107
Throw: Stone             |     3 |       |       ||     3
       Dart              |       |     7 |       ||     7
       Throwing net      |       |     2 |       ||     2
  Use: Potion            |       |     3 |       ||     3
       Scroll            |       |     7 |       ||     7
Armor: Scale mail        |    24 |       |       ||    24
       Chain mail        |    26 |   153 |     1 ||   180
Dodge: Dodged            |    28 |    50 |       ||    78
Block: Kite shield       |    56 |   119 |     1 ||   176
       Rpst.: Long sword |     8 |     1 |       ||     9
       Scimitar          |       |     8 |       ||     8
